 Dungeon Crawl Stone Soup version 0.28.0-47-ge53b351184 (webtiles) character file.

Game seed: 16835113103572256037

43 issech the Ducker (level 3, -5/36 HPs)
             Began as a Troll Fighter on May 3, 2022.
             Killed from afar by Terence (7 damage)
             ... with a puff of flame
             ... on level 3 of the Dungeon.
             The game lasted 00:03:41 (1235 turns).

issech the Ducker (Troll Fighter)                   Turns: 1235, Time: 00:03:42

Health: -5/36      AC:  4    Str: 24    XL:     3   Next: 37%
Magic:  2/2        EV:  9    Int:  4    God:
Gold:   43         SH:  7    Dex: 11    Spells: 2/2 levels left

rFire   . . .      SeeInvis .   a - +0 flail
rCold   + . .      Faith    .   c - +0 kite shield
rNeg    . . .      Spirit   .   b - +0 robe
rPois   .          Reflect  .   (helmet restricted)
rElec   .          Harm     .   (no cloak)
rCorr   .          Rampage  .   (gloves unavailable)
Will    .....                   (boots unavailable)
Stlth   +.........              (no amulet)
HPRegen 0.92/turn               h - ring of protection from cold
MPRegen 0.08/turn               (no ring)

@: no status effects
A: large, unfitting armour, claws 3, regeneration 1, shaggy fur 1, tough skin 1
a: no special abilities


You were on level 3 of the Dungeon.
You visited 1 branch of the dungeon, and saw 3 of its levels.

You collected 43 gold pieces.

Inventory:

Hand Weapons
 a - a +0 flail (weapon)
Missiles
 g - 64 stones (quivered)
 k - 4 poisoned darts
 l - 50 sling bullets
Armour
 b - a +0 robe (worn)
 c - a +0 kite shield (worn)
Jewellery
 h - a ring of protection from cold (left claw)
Scrolls
 e - 2 scrolls of blinking {unknown}
 f - a scroll of vulnerability {unknown}
 i - a scroll of holy word {unknown}
 o - a scroll of fog {unknown}
 q - a scroll of teleportation {unknown}
Potions
 d - 2 potions of might
 j - a potion of mutation {unknown}
 m - 2 potions of invisibility {unknown}
 n - a potion of degeneration {unknown}
 p - a potion of resistance {unknown}


   Skills:
 + Level 2.6 Fighting
 + Level 2.3 Maces & Flails
 + Level 2.8 Dodging
 + Level 2.7 Shields


You had 2 spell levels left.
You didn't know any spells.
Your spell library contained the following spells:

 Spells                   Type           Power      Damage    Failure   Level
 Summon Lightning Spire   Summ/Air       0%         N/A       100%        4
 Storm Form               Tmut/Air       0%         N/A       100%        7
 Maxwell's Capacitive Co  Air            0%         ∞         100%        8


Dungeon Overview and Level Annotations

Branches:
Dungeon (3/15)

Altars:

Annotations:
D:3 Terence


Innate Abilities, Weirdness & Mutations

You are too large for most types of armour.
You have claws for hands.
Your natural rate of healing is unusually fast.
You are covered in fur. (AC +1)
You have tough skin. (AC +1)


Message History

Found a stone staircase leading down.
Found a mace.
There is a stone staircase leading down here.
You see here a +0 mace.
Done exploring.
There is a stone staircase leading up here.
Done exploring.
There is a stone staircase leading up here.
There is a stone staircase leading up here.
There is a stone staircase leading up here.
There is a stone staircase leading down here.
You climb downwards.
There is a stone staircase leading up here.
An orc comes into view. It is wielding a +0 club.
A dart slug comes into view.
The orc shouts!
You hear a shout! x2
The orc hits you but does no damage.
You hit the orc.
The orc is severely wounded.
You block the orc's attack. The orc hits you with a +0 club.
You hit the orc.
You kill the orc!
You sock the dart slug!
You kill the dart slug!
Terence the Incautious comes into view.
He is wielding a +0 morningstar and carrying a wand of flame (24).
Terence shouts!
You hear a shout!
Terence zaps a wand.
The puff of flame hits you.
An endoplasm comes into view.
Items here: ) [ ††.
Terence zaps a wand.
The puff of flame hits you. 2 orcs come into view.
The orc shouts!
The orc throws a boomerang.
The boomerang hits you.
The orc moves out of view.
Terence zaps a wand.
The puff of flame hits you!
Terence zaps a wand.
The puff of flame hits you!
* * * LOW HITPOINT WARNING * * *
Terence zaps a wand.
The puff of flame hits you.
* * * LOW HITPOINT WARNING * * *
Terence zaps a wand.
The puff of flame hits you!
You die...

...........#
.......o...#
#@..# #...#
#..)#
###.###
#...##
###..#
##@####
#..<.#
####.# .# ..
##. #. .# .


You could see Terence and an orc.

Vanquished Creatures
  4 dart slugs
  An orc (D:3)
  2 bats (D:1)
  3 endoplasms
  2 giant cockroaches
  3 hobgoblins
  3 jackals (D:2)
  4 kobolds
  2 quokkas (D:2)
  A ball python (D:1)
  2 frilled lizards
  A goblin (D:1)
  2 rats
30 creatures vanquished.

Notes
Turn   | Place    | Note
-------+----------+-------------------------------------------
     0 | D:1      | issech the Troll Fighter began the quest for the Orb.
     0 | D:1      | Reached XP level 1. HP: 22/22 MP: 0/0
   190 | D:1      | Reached XP level 2. HP: 24/29 MP: 1/1
   226 | D:1      | Found a faded altar of an unknown god.
   877 | D:2      | Reached XP level 3. HP: 36/36 MP: 2/2
  1225 | D:3      | Noticed Terence
  1234 | D:3      | HP: 1/36 [Terence/puff of flame (6)]
  1235 | D:3      | Killed from afar by Terence

Illustrated notes

Levels and vault maps discovered:
D:1:      wander_arrival_desolate, layout_basic,
          ebering_ecumenical_altar_petrified
D:2:      layout_loops_ring
D:3:      layout_rooms, mainiacjoe_overflow_surrounded_room,
          fiery_altar_vehumet, uniq_terence

Skill      XL: |  1  2 |
---------------+-------+-----
Maces & Flails | 2 |  2.3
Fighting       | |  2.6
Dodging        | |  2.8
Shields        | |  2.7

Action                   || total
-------------------------++-------
Melee: Flail             ||    77
Armor: Robe              ||    37
Dodge: Dodged            ||    37
Block: Kite shield       ||    44
